 Dungeon Crawl Stone Soup version 0.19-a0-1457-g32fba05 (webtiles) character file.

70 Leszczynek the Skirmisher (level 4, -3/44 HPs)
             Began as a Hill Orc Wanderer on Sept 7, 2016.
             Killed from afar by an orc wizard (5 damage)
             ... with a magic dart
             ... on level 3 of the Dungeon.
             The game lasted 00:03:39 (1622 turns).

Leszczynek the Skirmisher (Hill Orc Wanderer)       Turns: 1622, Time: 00:03:40

Health: -3/44      AC:  7    Str: 15    XL:     4   Next: 22%
Magic:  5/5        EV: 15    Int: 12    God:
Gold:   33         SH:  0    Dex: 15    Spells: 1 memorised, 4 levels left

rFire  . . .     SeeInvis +     a - +3 short sword
rCold  . . .     Gourm    .     j - +1 ring mail
rNeg   . . .     Faith    .     (no shield)
rPois  .         Spirit   .     q - +0 helmet
rElec  .         Dismiss  .     (no cloak)
rCorr  .         Reflect  .     (no gloves)
MR     .....     Harm     .     (no boots)
Stlth  ++........               (no amulet)
                                (no ring)
                                t - ring of see invisible

@: agile
A: no striking features
a: Convert to Beogh


You were on level 3 of the Dungeon.
You were not hungry.

You visited 1 branch of the dungeon, and saw 3 of its levels.

You collected 33 gold pieces.

Inventory:

Hand Weapons
 a - a +3 short sword (weapon)
Missiles
 i - 5 javelins (quivered)
Armour
 d - a +0 robe
 e - a +0 fire dragon armour
 j - a +1 ring mail (worn)
 q - a +0 helmet (worn)
Jewellery
 t - a ring of see invisible (left hand)
Potions
 c - a potion of curing
Comestibles
 f - a bread ration
 g - a chunk of flesh
 m - a beef jerky
 r - a meat ration
 s - 3 fruits


   Skills:
 + Level 5.9 Fighting
 - Level 1.0 Short Blades
 - Level 1.0 Dodging
   Level 1.1 Shields
 - Level 1.0 Spellcasting
   Level 2.0 Hexes
   Level 1.0 Evocations


You had 4 spell levels left.
You knew the following spells:

 Your Spells              Type           Power        Failure   Level  Hunger
a - Summon Butterflies    Summ           #.......     69%         1    ##.....


Dungeon Overview and Level Annotations

Branches:
Dungeon (3/15)

Altars:

Annotations:
D:2 Sigmund


Message History

The puff of flame hits you!
Unknown command.
You hit the orc wizard.
The orc wizard is lightly wounded.
The orc misses you. The orc wizard closely misses you.
You completely miss the orc wizard.
The orc wizard is lightly wounded.
The orc completely misses you.
The orc priest mumbles some strange prayers to Beogh against you.
Beogh smites you! The orc wizard hits you with a dagger.
You hit the orc wizard.
The orc wizard is moderately wounded.
The orc priest shouts, "Join the one true god or die!"
The orc misses you.
The orc priest calls down the wrath of Beogh upon you.
Beogh smites you!
* * * LOW HITPOINT WARNING * * *
The orc wizard points at you and mumbles some strange words.
The magic dart hits you!
You die...

,,*****,,,,,,,,,**
*,* *,,,,,,,,,,,*
*,* *,,,,,,,,,,,*
*,** *,,,,,,,,,,,*
*,,* **,,,,,,,,,**
**,* **,,,,,,,**
**** **,* **,,,****
***,,** **,* *,,***
####,,,,,*****
,*,** *,**
###o@#≈*,*,,,,,****
,,,,****,*
#ooo##≈*******,,,,*
,,,,,,,,,*
##.###*≈* ****,##
*,*,,..#####..# *≈*
*,.#
*,,*,.?....#.## *≈*
**o##
*,,,,,**#..So# *≈*
##..#
*,,,,,**#S##o## *≈*
#..o.
*,,**,,..,*#..# *∩*
#....
,,,**,##***##.#
*≈*#########....


You could see an orc priest, 2 orc wizards and an orc.

Vanquished Creatures
  2 adders (D:3)
  5 dart slugs (D:1)
  2 giant geckos (D:1)
  An orc (D:3)
  2 ball pythons
  3 goblins (D:1)
  6 hobgoblins (D:1)
  4 jackals (D:1)
  3 bats
  7 kobolds (D:1)
  2 rats (D:1)
37 creatures vanquished.

Notes
Turn   | Place    | Note
-------+----------+-------------------------------------------
     0 | D:1      | Leszczynek the Hill Orc Wanderer began the quest for the Orb.
     0 | D:1      | Leszczynek set off with: a +2 short sword, the Compendium of Companions, a potion of curing, a +0 robe, a bread ration
     0 | D:1      | Reached XP level 1. HP: 19/19 MP: 2/2
     0 | D:1      | Identified the Compendium of Companions
     2 | D:1      | Learned a level 1 spell: Summon Butterflies
   150 | D:1      | Reached skill level 4 in Fighting
   191 | D:1      | Reached XP level 2. HP: 26/28 MP: 3/3
   641 | D:1      | Reached XP level 3. HP: 34/35 MP: 4/4
   644 | D:1      | Reached skill level 5 in Fighting
  1477 | D:2      | Noticed Sigmund
  1571 | D:3      | Reached XP level 4. HP: 35/44 MP: 5/5
  1597 | D:3      | T A C T I C S
  1622 | D:3      | HP: 2/44 [orc priest/divine providence (12)]
  1622 | D:3      | Killed from afar by an orc wizard

Vault maps used:
D:1:      eino_arrival_water_cross, solitary_fountain, minmay_pentomino_x2
D:2:      uniq_sigmund, uniq_crazy_yiuf_cottage
D:3:      portal_sewer_entry_d

Skill      XL: |  1  2  3 |
---------------+----------+-----
Fighting       | 4 5 |  5.9
Short Blades   | |  1.0
Dodging        | |  1.0
Shields        | |  1.1
Spellcasting   | |  1.0
Hexes          | |  2.0
Evocations     | |  1.0

Action                   |  1- 3 |  4- 6 || total
-------------------------+-------+-------++-------
Melee: Short sword       |   116 |    16 ||   132
  Use: Scroll            |       |     5 ||     5
       Potion            |       |     2 ||     2
  Eat: Chunk             |     2 |       ||     2
Armor: Robe              |     5 |       ||     5
       Ring mail         |    36 |     8 ||    44
Dodge: Dodged            |    61 |    25 ||    86
